 Dungeon Crawl Stone Soup version 0.17.1-1-g73c8601 (webtiles) character file.

10668 shmeve the Cleaver (level 11, -3/101 HPs)
             Began as a Minotaur Berserker on Apr 23, 2016.
             Was a High Priest of Trog.
             Slain by Snorg (12 damage)
             ... on level 3 of the Lair of Beasts.
             The game lasted 00:22:19 (9768 turns).

shmeve the Cleaver (Minotaur Berserker)             Turns: 9768, Time: 00:22:19

Health: -3/101     AC: 16    Str: 23    XL:     11   Next: 39%
Magic:  10/10      EV:  6    Int:  5    God:    Trog [*****.]
Gold:   660        SH: 21    Dex: 11    Spells: 0 memorised, 10 levels left

rFire  . . .     SeeInvis .     n - +1 war axe
rCold  . . .     Clarity  .     x - +0 plate armour
rNeg   . . .     SustAt   .     h - +3 large shield
rPois  +         Gourm    .     (helmet restricted)
rElec  .         Spirit   .     q - +1 cloak {rPois}
rCorr  .         Warding  .     z - +0 pair of gloves
rMut   .         Stasis   .     (no boots)
MR     .....                    (no amulet)
Stlth  ..........               (no ring)
                                (no ring)

@: exhausted, slowed, very slow, not resistant to hostile enchantments,
extremely unstealthy
A: retaliatory headbutt, horns 2
a: Berserk, Trog's Hand, Brothers in Arms, Burn Spellbooks, Renounce Religion


You were on level 3 of the Lair of Beasts.
You worshipped Trog.
Trog was extremely pleased with you.
You were very hungry.

You visited 3 branches of the dungeon, and saw 12 of its levels.
You also visited: Ossuary.

You collected 660 gold pieces.

Inventory:

Hand Weapons
 n - a +1 war axe (weapon)
Missiles
 w - 13 tomahawks (quivered)
Armour
 h - a +3 large shield (worn)
 q - a +1 cloak of poison resistance (worn)
 x - a +0 plate armour (worn)
 z - a +0 pair of gloves (worn)
Wands
 B - a wand of draining (10)
 G - a wand of paralysis (5)
Scrolls
 b - 3 scrolls of noise
 e - 6 scrolls of teleportation
 k - 6 scrolls of remove curse
 l - 4 scrolls of identify
 o - 3 scrolls of enchant weapon
 v - 4 scrolls of fear
 y - a scroll of holy word {unknown}
 A - 3 scrolls of vulnerability {unknown}
 C - 5 scrolls of amnesia
 F - a scroll of summoning
Potions
 d - a potion of agility
 f - 3 potions of heal wounds {unknown}
 g - a potion of might {unknown}
 i - 3 potions of haste
 j - 4 potions of curing
 m - 4 potions of invisibility
 p - 3 potions of brilliance
 r - 2 potions of cancellation {unknown}
 s - a potion of mutation {unknown}
 t - 4 potions of resistance
 D - a potion of beneficial mutation {unknown}
 E - a potion of experience {unknown}
Comestibles
 c - 6 bread rations
 u - 2 meat rations


   Skills:
 * Level 10.6 Fighting
 * Level 10.7 Axes
 + Level 6.0 Throwing
 + Level 7.0 Armour
 + Level 6.9 Dodging
 * Level 10.7 Shields


You had 10 spell levels left.
You didn't know any spells.

Dungeon Overview and Level Annotations

Branches:
Dungeon (8/15)             Temple (1/1) D:6            Lair (3/8) D:8
  Swamp: Lair:3-6    Shoals: Lair:3-6     Snake: Lair:3-6    Spider: Lair:3-6

Altars:
Ashenzari
Dithmenos
Elyvilon
Fedhas
Gozag
Kikubaaqudgha
Makhleb
Nemelex Xobeh
Okawaru
Qazlal
Ru
Trog
Xom
Yredelemnul
Zin
The Shining One

Annotations:
Lair:3 Snorg


Innate Abilities, Weirdness & Mutations

You reflexively headbutt those who attack you in melee.
You have a pair of horns on your head.


Message History

Snorg is heavily wounded.
Snorg bites you! You block Snorg's attack. You block Snorg's attack.
You slash Snorg! Your headbutt misses Snorg.
Snorg is heavily wounded.
You are no longer berserk.
You are exhausted.
You feel yourself slow down.
You are feeling very hungry.
Snorg bites you!
* * * LOW HITPOINT WARNING * * *
You block Snorg's attack. Snorg claws you!
* * * LOW HITPOINT WARNING * * *
You slice Snorg!! You headbutt Snorg.
Snorg is severely wounded.
Snorg bites you.
* * * LOW HITPOINT WARNING * * *
Snorg completely misses you. You block Snorg's attack.
You block Snorg's attack. x2
Snorg claws you!
You die...

##........+.
#P.....†....
#P........# #+
#........P#
###.
##.#..<..P#
#.#.. #
###P..## #..#
#......##
##.P###
+.......#
##....@#
#......+.
#.###.....+T..#
#........
....+....###.#
#......##
#......# #
#......#.
##....##
#.......#
#.#+#.#
#.......#
#...###
#.+#..#)# #..##
##......# #..#
##.#...##


You could see Snorg (berserk).

Vanquished Creatures
  A hydra (Lair:2)
  Sonja (Lair:2)
  Pikel (D:6)
  2 black mambas
  6 elephants (Lair:3)
  Psyche (D:8)
  3 spiny frogs
  Sigmund (D:6)
  5 yaks
  2 spriggans (Lair:1)
  The ghost of culcha the Skirmisher, an amateur DrBe of Trog (D:3)
  A hippogriff (Lair:1)
  Menkaure (D:6)
  3 water moccasins (Lair:1)
  4 slaves (D:6)
  A porcupine (Lair:2)
  2 sky beasts (D:6)
  An orc warrior (D:8)
  2 phantoms
  A necrophage (D:5)
  An ice beast (D:8)
  2 ogres
  A centaur (D:5)
  2 crocodiles (Lair:1)
  5 giant frogs
  2 scorpions
  A water moccasin skeleton (D:6)
  4 killer bees (D:4)
  2 hounds
  5 crimson imps
  A centaur skeleton (D:7)
  An orc priest (D:3)
  Crazy Yiuf (D:3)
  4 iguanas
  7 jellies
  2 orc wizards
  2 giant frog skeletons
  2 quasits
  9 worker ants
  A big kobold zombie (Ossuary)
  A hound zombie (Ossuary)
  4 mummies (Ossuary)
  3 gnolls (D:5)
  5 adders
  A shadow imp (D:8)
  16 river rats
  An ooze (D:1)
  3 adder zombies (Ossuary)
  An adder skeleton (D:5)
  4 worms
  15 orcs
  2 ball pythons (D:2)
  7 giant cockroaches
  11 goblins
  16 hobgoblins
  5 jackals
  3 quokkas
  8 bats
  2 giant geckos
  4 giant newts
  2 hobgoblin zombies (Ossuary)
  A jackal skeleton (D:4)
  3 jackal zombies
  10 kobolds
  A kobold zombie (Ossuary)
  A quokka skeleton (D:8)
  A quokka zombie (D:6)
  7 rats
  2 rat zombies (Ossuary)
  A fungus (Lair:1)
236 creatures vanquished.

Vanquished Creatures (others)
  5 plants
5 creatures vanquished.

Grand Total: 241 creatures vanquished

Notes
Turn   | Place    | Note
--------------------------------------------------------------
     0 | D:1      | shmeve the Minotaur Berserker began the quest for the Orb.
     0 | D:1      | Reached XP level 1. HP: 19/19 MP: 0/0
    81 | D:1      | Reached XP level 2. HP: 9/27 MP: 1/1
   211 | D:1      | Reached skill level 4 in Axes
   602 | D:1      | Reached ** piety under Trog
   602 | D:1      | Reached skill level 1 in Shields
   726 | D:1      | Found a sparkling altar of Nemelex Xobeh.
   730 | D:1      | Reached XP level 3. HP: 26/33 MP: 2/2
  1787 | D:2      | Reached XP level 4. HP: 30/40 MP: 3/3
  2137 | D:3      | Reached *** piety under Trog
  2623 | D:3      | Reached XP level 5. HP: 44/46 MP: 4/4
  2764 | D:3      | Noticed culcha's ghost (amateur DrBe)
  2775 | D:3      | Killed culcha's ghost
  2775 | D:3      | Reached skill level 1 in Throwing
  2775 | D:3      | Reached skill level 5 in Shields
  2775 | D:3      | Reached XP level 6. HP: 53/53 MP: 5/5
  3234 | D:3      | Noticed Crazy Yiuf
  3246 | D:3      | Killed Crazy Yiuf
  3453 | D:4      | Reached skill level 5 in Fighting
  3460 | D:4      | Reached skill level 5 in Axes
  3614 | D:4      | Found a sand-covered staircase.
  3619 | Ossuary  | Entered an ossuary
  3628 | Ossuary  | Reached XP level 7. HP: 58/61 MP: 6/6
  3924 | D:4      | Found a burning altar of Makhleb.
  3925 | D:4      | Found a glowing silver altar of Zin.
  3925 | D:4      | Found a bloodstained altar of Trog.
  3928 | D:4      | Found a sacrificial altar of Ru.
  3929 | D:4      | Found a basalt altar of Yredelemnul.
  3929 | D:4      | Found a white marble altar of Elyvilon.
  4527 | D:5      | Entered Level 5 of the Dungeon
  4543 | D:5      | Reached skill level 6 in Shields
  4611 | D:5      | Reached XP level 8. HP: 41/70 MP: 7/7
  4943 | D:5      | Found a blossoming altar of Fedhas.
  5070 | D:5      | Reached **** piety under Trog
  5277 | D:6      | Noticed Pikel
  5290 | D:6      | Killed Pikel
  5290 | D:6      | Reached skill level 7 in Fighting
  5603 | D:6      | Reached XP level 9. HP: 79/79 MP: 8/8
  5609 | D:6      | Noticed Sigmund
  5619 | D:6      | Killed Sigmund
  5695 | D:6      | Noticed Menkaure
  5706 | D:6      | Killed Menkaure
  5706 | D:6      | Reached skill level 5 in Armour
  5794 | D:6      | Found a staircase to the Ecumenical Temple.
  5859 | D:6      | Found a shadowy altar of Dithmenos.
  5942 | Temple   | Entered the Ecumenical Temple
  6111 | D:7      | Reached skill level 8 in Fighting
  6170 | D:7      | Reached skill level 5 in Dodging
  7269 | D:8      | Noticed Psyche
  7284 | D:8      | Killed Psyche
  7453 | D:8      | Found a staircase to the Lair.
  7606 | Lair:1   | Entered Level 1 of the Lair of Beasts
  7615 | Lair:1   | Reached ***** piety under Trog
  7621 | Lair:1   | Reached XP level 10. HP: 54/90 MP: 9/9
  7786 | Lair:1   | Reached skill level 9 in Fighting
  7837 | Lair:1   | Noticed a black mamba
  7850 | Lair:1   | Killed a black mamba
  8442 | Lair:1   | Reached skill level 5 in Throwing
  8605 | Lair:2   | Noticed a five-headed hydra
  8617 | Lair:2   | Killed a five-headed hydra
  8657 | Lair:2   | Reached skill level 10 in Axes
  8657 | Lair:2   | Reached skill level 10 in Shields
  8724 | Lair:2   | Noticed Sonja
  8743 | Lair:2   | Killed Sonja
  8743 | Lair:2   | Reached skill level 10 in Fighting
  8841 | Lair:2   | Reached XP level 11. HP: 80/99 MP: 10/10
  8853 | Lair:2   | Noticed a black mamba
  8859 | Lair:2   | Killed a black mamba
  9750 | Lair:3   | Noticed Snorg
  9768 | Lair:3   | Slain by Snorg

Action                   |  1- 3 |  4- 6 |  7- 9 | 10-12 || total
-------------------------+-------+-------+-------+-------++-------
Melee: Hand axe          |    65 |       |       |       ||    65
       War axe           |    35 |    93 |   278 |   183 ||   589
Throw: Tomahawk          |     6 |     5 |    38 |    36 ||    85
Invok: Berserk           |     1 |     2 |     3 |     3 ||     9
       Trog's Hand       |       |     1 |     1 |     1 ||     3
  Use: Scroll            |       |     5 |    15 |     1 ||    21
  Eat: Chunk             |     4 |     8 |    11 |     6 ||    29
       Meat ration       |       |       |     1 |       ||     1
       Fruit             |       |       |       |     2 ||     2
       Beef jerky        |       |       |       |     1 ||     1
